 Dungeon Crawl Stone Soup version 0.27-a0-1579-g97d2440184 (webtiles) character file.

Game seed: 17218376745087339780

314 Armakuni the Skirmisher (level 6, 0/55 HPs)
             Began as a Draconian Monk on July 17, 2021.
             Frozen to death by an endoplasm (3 damage)
             ... on level 4 of the Dungeon.
             The game lasted 00:06:06 (3398 turns).

Armakuni the Skirmisher (Draconian Monk)            Turns: 3398, Time: 00:06:07

Health: 0/55       AC:  7    Str: 13    XL:     6   Next: 19%
Magic:  6/6        EV: 12    Int: 18    God:
Gold:   128        SH:  8    Dex: 14    Spells: 5/5 levels left

rFire    . . .     SeeInvis .     - Unarmed
rCold    . . .     Faith    .   i - +3 buckler
rNeg     . . .     Spirit   .   (armour unavailable)
rPois    .         Reflect  .   (helmet restricted)
rElec    .         Harm     .   (no cloak)
rCorr    .         Rampage  .   (no gloves)
Will     .....                  f - +0 pair of boots
Stlth    ++........             (no amulet)
HPRegen  0.18/turn              I - +6 ring of intelligence
MPRegen  0.10/turn              L - ring of flight

@: mighty, flying, slowed, very slow
A: AC +6, unfitting armour, cold-blooded
a: no special abilities


You were on level 4 of the Dungeon.
You visited 1 branch of the dungeon, and saw 6 of its levels.

You collected 128 gold pieces.

Inventory:

Missiles
 a - 47 sling bullets
 k - 3 atropa-tipped darts (quivered)
Armour
 c - a +0 pair of gloves
 f - a +0 pair of boots (worn)
 i - a +3 buckler (worn)
Jewellery
 I - a +6 ring of intelligence (left hand)
 L - a ring of flight (right hand)
Potions
 e - a potion of haste


   Skills:
 + Level 4.9 Fighting
 - Level 2.6 Dodging
 - Level 1.7 Stealth
 - Level 4.0 Shields
 + Level 4.4 Unarmed Combat


You had 5 spell levels left.
You didn't know any spells.
Your spell library was empty.

Dungeon Overview and Level Annotations

Branches:
Dungeon (6/15)
 Temple: D:4-7

Altars:
Wu Jian
Yredelemnul

Annotations:
D:3 Grinder
D:6 Blork the orc


Innate Abilities, Weirdness & Mutations

Your plain brown scales are hard. (AC +6)
You cannot fit into any form of body armour.
You are cold-blooded and may be slowed by cold attacks.


Message History

* * * LOW HITPOINT WARNING * * *
You block the adder's attack. You block the orc's attack.
You closely miss the adder. You tail-slap the adder.
You kill the adder!
The endoplasm freezes you.
You are frozen.
* * * LOW HITPOINT WARNING * * *
You feel yourself slow down.
You hit the scorpion but do no damage. The scorpion closely misses you.
The orc misses you. You block the endoplasm's attack. The scorpion stings you.
* * * LOW HITPOINT WARNING * * *
The orc hits you but does no damage. The endoplasm hits you.
* * * LOW HITPOINT WARNING * * *
You barely miss the orc.
The orc is heavily wounded.
The scorpion stings you.
* * * LOW HITPOINT WARNING * * *
The orc completely misses you. The endoplasm freezes you.
You are frozen.
* * * LOW HITPOINT WARNING * * *
You feel as though you will be slow longer.
You completely miss the orc.
The orc is heavily wounded.
The scorpion barely misses you. The orc hits you but does no damage.
You block the endoplasm's attack.
The scorpion stings you but does no damage.
You feel very mighty all of a sudden. The orc hits you with a +0 hand axe.
* * * LOW HITPOINT WARNING * * *
The endoplasm freezes you.
You are frozen.
* * * LOW HITPOINT WARNING * * *
You feel as though you will be slow longer.
The scorpion stings you but does no damage.
You block the orc's attack. The scorpion stings you.
* * * LOW HITPOINT WARNING * * *
The endoplasm freezes you.
You are frozen.
You die...

. .... ...#
#####...#####..#
....##
.#####...........#
.
..................
.
#####...........#..
.
#...#####..###...#
# #....# #..#
.....# #.....#
#..#.8...8.
#.....)##o.........
#......s@J..?$.⌠..
#......####.......
......# #.8...8
#....# #..... #...#
#..(# ##.# #### #.
.


You could see a scorpion, an orc and an endoplasm.

Vanquished Creatures
  An ice beast (D:6)
  2 hounds (D:6)
  2 bullfrog skeletons
  An orc wizard (D:4)
  An adder (D:4)
  2 white imps
  A worm (D:2)
  3 orcs
  3 ball pythons
  3 bats
  2 endoplasms
  2 giant cockroaches (D:1)
  7 goblins
  3 hobgoblins
  11 jackals
  4 kobolds
  A quokka (D:1)
  A frilled lizard (D:1)
  A rat (D:1)
51 creatures vanquished.

Notes
Turn   | Place    | Note
-------+----------+-------------------------------------------
     0 | D:1      | Armakuni the Draconian Monk began the quest for the Orb.
     0 | D:1      | Reached XP level 1. HP: 19/19 MP: 1/1
    83 | D:1      | Reached XP level 2. HP: 9/26 MP: 2/2
   714 | D:1      | Reached XP level 3. HP: 17/33 MP: 3/3
  1009 | D:1      | Found a faded altar of an unknown god.
  1603 | D:2      | Found a basalt altar of Yredelemnul.
  2263 | D:3      | Found an ornate altar of the Wu Jian Council.
  2267 | D:3      | You fall into a shaft and drop 3 floors!
  2324 | D:6      | Noticed an ice beast
  2357 | D:6      | Killed an ice beast
  2358 | D:6      | Reached XP level 4. HP: 8/40 MP: 4/4
  2358 | D:6      | Reached XP level 5. HP: 9/46 MP: 5/5
  3075 | D:5      | Entered Level 5 of the Dungeon
  3115 | D:6      | Noticed Blork the orc
  3132 | D:5      | Reached XP level 6. HP: 43/53 MP: 6/6
  3218 | D:5      | Identified the +2 plate armour of Panentheism {rN+ Str-3
                  | Int+2}
  3283 | D:3      | Noticed Grinder
  3398 | D:4      | Frozen to death by an endoplasm

Illustrated notes

Levels and vault maps discovered:
D:1:      lightli_arrival_quake, layout_loops_ring,
          shapermc_ecumenical_altar_pompeii
D:2:      layout_loops_ring, basic_altar, feat_on_display
D:3:      layout_loops_ring, pdpol_wu_jian_five_deadly_venoms,
          minmay_misc_feat_more_columns, uniq_grinder
D:4:      layout_loops_cross, temple_doors_cd, enter_ossuary_3,
          wad_floor_pattern_untrapped
D:5:      wander_river, layout_basic
D:6:      layout_rooms, kennysheep_mini, feat_on_display, uniq_blork_the_orc

Skill      XL: |  1  2  3  4  5 |
---------------+----------------+-----
Fighting       | 4 |  4.9
Shields        | 3 4 |  4.0
Unarmed Combat | 4 |  4.4
Dodging        | |  2.6
Stealth        | |  1.7

Action                   |  1- 3 |  4- 6 || total
-------------------------+-------+-------++-------
Melee: Unarmed           |   157 |    92 ||   249
       Tailslap          |    19 |    13 ||    32
       Punch             |     2 |       ||     2
Throw: Dart              |     1 |     3 ||     4
  Use: Scroll            |     5 |     2 ||     7
       Potion            |     5 |     1 ||     6
 Stab: Sleeping          |     4 |       ||     4
Armor: Skin              |    54 |    23 ||    77
Dodge: Dodged            |    95 |    43 ||   138
Block: Buckler           |     2 |    31 ||    33

Table legend: (Time is in decaauts)
 A = Elapsed time spent in this place.
 B = Non-inter-level travel time spent in this place.
 C = Inter-level travel time spent in this place.
 D = Time resting spent in this place.
 E = Time spent auto-exploring this place.
 F = Levels seen in this place.
 G = Mean time per level.
                   A        B        C        D        E       F      G
               +--------+--------+--------+--------+--------+-----+--------+
         Total |   3388 |   3324 |     64 |   1010 |   1708 |   6 |  564.7 |
       Dungeon |   3388 |   3324 |     64 |   1010 |   1708 |   6 |  564.7 |
               +--------+--------+--------+--------+--------+-----+--------+

Top non-repeatable levels by time:
     D:1: 1194 daAuts
     D:2: 898 daAuts
     D:6: 827 daAuts
     D:5: 174 daAuts
     D:3: 169 daAuts
     D:4: 125 daAuts
